 Dungeon Crawl Stone Soup version 0.21-a0-91-ga5031da (webtiles) character file.

204 MackTheKnife the Slasher (level 6, -1/47 HPs)
             Began as a Human Fighter on June 29, 2017.
             Slain by a hippogriff (3 damage)
             ... on level 3 of the Dungeon.
             The game lasted 00:03:41 (2864 turns).

MackTheKnife the Slasher (Human Fighter)            Turns: 2864, Time: 00:03:41

Health: -1/47      AC:  6    Str: 16    XL:     6   Next: 9%
Magic:  0/6        EV:  6    Int:  9    God:
Gold:   117        SH:  9    Dex: 14    Spells: 5/5 levels left

rFire    . . .     SeeInvis .   a - +0 long sword
rCold    . . .     Gourm    .   c - +0 shield
rNeg     . . .     Faith    .   b - +0 scale mail
rPois    .         Spirit   +   (no helmet)
rElec    .         Reflect  .   k - scarf {Spirit}
rCorr    .         Harm     .   (no gloves)
MR       .....                  (no boots)
Stlth    ..........             (no amulet)
HPRegen  0.15/turn              (no ring)
MPRegen  0.10/turn              (no ring)

@: about to teleport
A: no striking features
a: no special abilities


You were on level 3 of the Dungeon.
You were not hungry.

You visited 1 branch of the dungeon, and saw 3 of its levels.

You collected 117 gold pieces.

Inventory:

Hand Weapons
 a - a +0 long sword (weapon)
 m - a +1 dagger of holy wrath
   (You took it off an orc wizard on level 1 of the Dungeon)
Armour
 b - a +0 scale mail (worn)
 c - a +0 shield (worn)
 k - a scarf of spirit shield (worn)
   (You found it on level 1 of the Dungeon)
Jewellery
 h - an uncursed amulet of harm {unknown}
   (You found it on level 1 of the Dungeon)
Scrolls
 d - 2 scrolls of remove curse {unknown}
 g - a scroll of teleportation
 i - a scroll of recharging {unknown}
 j - 2 scrolls of random uselessness {unknown}
 l - 2 scrolls of enchant weapon {unknown}
 n - 3 scrolls of immolation {!r}
 o - a scroll of identify {unknown}
 p - a scroll of magic mapping {unknown}
 s - a scroll of amnesia {unknown}
Potions
 u - a potion of brilliance
Comestibles
 f - 2 bread rations {@e1}
 q - a royal jelly
 t - a chunk of flesh {@w0}


   Skills:
 - Level 3.0 Fighting
 + Level 5.8 Long Blades
 - Level 3.0 Armour
 - Level 3.0 Shields


You had 5 spell levels left.
You didn't know any spells.

Dungeon Overview and Level Annotations

Branches:
Dungeon (3/15)

Altars:
Hepliaklqana

Annotations:
D:3 exclusion: upstairs, Grinder


Message History

Health restored: 47 A rat is nearby!
A rat is nearby!
A rat is nearby!
A hippogriff comes into view.
The hippogriff screeches!
You block the rat's attack.
You barely miss the rat. You block the rat's attack.
The rat closely misses you.
You riposte.
You hit the rat.
You kill the rat!
You hit the hippogriff but do no damage.
The hippogriff bites you.
The hippogriff pecks you but does no damage.
You block the hippogriff's attack.
You take 4 damage, and have 43/47 hp.
You now have 5/6 mp.
You hit the hippogriff.
The hippogriff bites you but does no damage.
The hippogriff barely misses you.
The hippogriff claws you but does no damage.
Your shield and scale mail prevent you from hitting the hippogriff.
The hippogriff bites you.
The hippogriff pecks you but does no damage.
You block the hippogriff's attack.
You barely miss the hippogriff. The hippogriff barely misses you.
You riposte.
You hit the hippogriff. The hippogriff pecks you.
You block the hippogriff's attack.
You take 3 damage, and have 40/47 hp.
You now have 4/6 mp.
You completely miss the hippogriff. The hippogriff bites you!
The hippogriff pecks you. You block the hippogriff's attack.
You take 8 damage, and have 32/47 hp.
Your shield and scale mail prevent you from hitting the hippogriff.
The hippogriff bites you. The hippogriff pecks you. The hippogriff claws you.
The hippogriff closely misses you. You block the hippogriff's attack.
The hippogriff claws you!
You take 16 damage, and have 16/47 hp.
MASSIVE DAMAGE!!
You now have 2/6 mp.
As you read the scroll labeled RYIRAO NEOTAQ, it crumbles to dust.
The creatures around you are filled with an inner flame!
It was a scroll of immolation.
You block the hippogriff's attack. The hippogriff pecks you.
* * * LOW HITPOINT WARNING * * *
The hippogriff claws you!
* * * LOW HITPOINT WARNING * * *
You take 10 damage, and have 6/47 hp.
MASSIVE DAMAGE!!
You now have 1/6 mp.
You feel much better. The hippogriff barely misses you.
You riposte.
You hit the hippogriff but do no damage.
You block the hippogriff's attack.
The hippogriff claws you but does no damage.
You regained 22 hp, and now have 28/47 hp.
You barely miss the hippogriff. You block the hippogriff's attack.
The hippogriff pecks you. The hippogriff claws you!
You take 8 damage, and have 20/47 hp.
You now have 0/6 mp.
You slash the hippogriff! The hippogriff barely misses you.
You block the hippogriff's attack.
The hippogriff claws you but does no damage.
You hit the hippogriff but do no damage.
You block the hippogriff's attack. The hippogriff barely misses you.
The hippogriff claws you but does no damage.
You hit the hippogriff but do no damage.
You block the hippogriff's attack. x3; The hippogriff bites you.
The hippogriff pecks you but does no damage.
The hippogriff claws you.
You take 5 damage, and have 15/47 hp.
You hit the hippogriff. The hippogriff bites you.
* * * LOW HITPOINT WARNING * * *
The hippogriff pecks you but does no damage.
The hippogriff barely misses you.
You take 2 damage, and have 13/47 hp.
You slash the hippogriff!
The hippogriff bites you but does no damage.
The hippogriff pecks you.
* * * LOW HITPOINT WARNING * * *
The hippogriff claws you.
* * * LOW HITPOINT WARNING * * *
You take 10 damage, and have 3/47 hp.
MASSIVE DAMAGE!!
You now have 0/6 mp.
You feel better. The hippogriff bites you.
* * * LOW HITPOINT WARNING * * *
You block the hippogriff's attack. The hippogriff barely misses you.
You regained 9 hp, and now have 12/47 hp.
You feel better. The hippogriff bites you!
* * * LOW HITPOINT WARNING * * *
The hippogriff pecks you!
* * * LOW HITPOINT WARNING * * *
The hippogriff claws you but does no damage.
You take 8 damage, and have 4/47 hp.
You barely miss the hippogriff.
The hippogriff bites you but does no damage.
The hippogriff pecks you but does no damage.
The hippogriff claws you.
* * * LOW HITPOINT WARNING * * *
You take 2 damage, and have 2/47 hp.
As you read the scroll labeled NASECZ OXUIM, it crumbles to dust.
You feel strangely unstable.
It was a scroll of teleportation.
The hippogriff bites you.
You die...

# # ##########
###### ..........
......
#####........#
##### ...#........#
##..
####..........#
#...
#......†......#
#... .......@H# #
#... #........# #.
#... #....#..##
#.###... #.## ##.##
#.####....... #
#..# #............
##.###.####..#.##.
###..##.#.....#.##.
#....##.#.##..#.##.
#....##.#.##..#.##.


You could see a hippogriff (inner flame).

Vanquished Creatures
  An orc priest (D:2)
  An orc wizard (D:1)
  A gnoll (D:1)
  4 adders
  2 worms
  3 dart slugs (D:1)
  3 leopard geckos (D:2)
  9 orcs
  7 bats
  4 giant cockroaches
  8 goblins
  4 hobgoblins
  12 jackals
  3 kobolds
  A ball python (D:1)
  7 frilled lizards
  8 rats
78 creatures vanquished.

Notes
Turn   | Place    | Note
-------+----------+-------------------------------------------
     0 | D:1      | MackTheKnife the Human Fighter began the quest for the Orb.
     0 | D:1      | Reached XP level 1. HP: 18/18 MP: 1/1
    89 | D:1      | Reached XP level 2. HP: 22/24 MP: 2/2
   257 | D:1      | Reached skill level 3 in Long Blades
   271 | D:1      | HP: 6/24 [gnoll/spear (7)]
   272 | D:1      | Reached XP level 3. HP: 8/29 MP: 3/3
   317 | D:1      | HP: 7/29 [ball python (2)]
   324 | D:1      | HP: 3/29 [ball python (1)]
   936 | D:2      | Reached skill level 4 in Long Blades
   936 | D:2      | Reached XP level 4. HP: 23/35 MP: 4/4
  1351 | D:2      | Reached skill level 5 in Long Blades
  1351 | D:2      | Reached XP level 5. HP: 13/41 MP: 5/5
  1771 | D:2      | Found a hazy altar of Hepliaklqana.
  2621 | D:3      | Noticed Grinder
  2775 | D:3      | Reached XP level 6. HP: 45/47 MP: 6/6
  2845 | D:3      | Noticed a hippogriff
  2853 | D:3      | HP: 6/47 [hippogriff (6)]
  2860 | D:3      | HP: 8/47 [hippogriff (5)]
  2860 | D:3      | HP: 3/47 [hippogriff (5)]
  2864 | D:3      | Slain by a hippogriff

Vault maps used:
D:1:      lemuel_arrival_hallway
D:2:      cheibrodos_pilgrimage, lemuel_coloured_pillars_altar
D:3:      serial_park_tiny_1, minmay_unequal, uniq_grinder

Skill      XL: |  1  2  3  4 |
---------------+-------------+-----
Long Blades    | 3 4 5 |  5.8
Fighting       | |  3.0
Armour         | |  3.0
Shields        | |  3.0

Action                   |  1- 3 |  4- 6 || total
-------------------------+-------+-------++-------
Melee: Long sword        |   108 |   235 ||   343
  Use: Potion            |     1 |     6 ||     7
       Scroll            |       |     2 ||     2
  Eat: Chunk             |       |     7 ||     7
Armor: Scale mail        |    66 |   127 ||   193
Dodge: Dodged            |    28 |    79 ||   107
Block: Shield            |    55 |   146 ||   201
       Rpst.: Long sword |    12 |    23 ||    35

Vault maps used:
D:1:      lemuel_arrival_hallway
D:2:      cheibrodos_pilgrimage, lemuel_coloured_pillars_altar
D:3:      serial_park_tiny_1, minmay_unequal, uniq_grinder

Table legend:
 A = Turns spent in this place as a percentage of turns spent in the entire game.
 B = Non-inter-level travel turns spent in this place as a percentage of non-inter-level travel turns spent in the entire game.
 C = Inter-level travel turns spent in this place as a percentage of turns spent in this place.
 D = Turns resting spent in this place as a percentage of non-inter-level travel turns spent in this place.
 E = Turns spent auto-exploring this place as a percentage of non-inter-level travel turns spent in this place.
 F = Non-inter-level travel turns spent in this place divided by the number of levels of this place that you've seen.
                   A       B       C       D       E      F
               +-------+-------+-------+-------+-------+----------------------
         Total | 100.0 | 100.0 |   0.3 |   2.0 |   8.3 | 288.7
       Dungeon | 100.0 | 100.0 |   0.3 |   2.0 |   8.3 | 288.7
               +-------+-------+-------+-------+-------+----------------------

Table legend:
 A = Kills in this place as a percentage of kills in entire the game.
 B = Kills by you in this place as a percentage of kills by you in the entire game.
 C = Kills by friends in this place as a percentage of kills by friends in the entire game.
 D = Other kills in this place as a percentage of other kills in the entire game.
 E = Experience gained in this place as a percentage of experience gained in the entire game.
 F = Experience gained in this place divided by the number of levels of this place that you have seen.
                   A       B       C       D       E      F
               +-------+-------+-------+-------+-------+----------------------
         Total | 100.0 | 100.0 |  -nan |  -nan | 100.0 |  97.3
       Dungeon | 100.0 | 100.0 |  -nan |  -nan | 100.0 |  97.3
               +-------+-------+-------+-------+-------+----------------------
